 Dungeon Crawl Stone Soup version 0.29-a0-892-g2c4c91d9db (webtiles) character file.

Game seed: 731232555640595779

11 BritishOli the Slasher (level 2, 22/22 HPs)
             Began as a Demonspawn Gladiator on July 22, 2022.
             Got out of the dungeon alive.
             The game lasted 00:00:16 (264 turns).

BritishOli the Slasher (Demonspawn Gladiator)        Turns: 264, Time: 00:00:16

Health: 22/22      AC:  4    Str: 14    XL:     2   Next: 17%
Magic:  2/2        EV: 12    Int:  9    God:
Gold:   4          SH:  4    Dex: 14    Spells: 1/1 levels left

rFire   . . .      SeeInvis .   a - +0 long sword
rCold   . . .      Faith    .   (no shield)
rNeg    . . .      Spirit   .   b - +0 leather armour
rPois   .          Reflect  .   c - +0 helmet
rElec   .          Harm     .   (no cloak)
rCorr   .          Rampage  .   (no gloves)
Will    .....                   (no boots)
Stlth   +.........              (no amulet)
HPRegen 0.07/turn               (no ring)
MPRegen 0.08/turn               (no ring)

@: no status effects
A: condensation shield
a: no special abilities


You escaped.
You visited 1 branch of the dungeon, and saw 1 of its levels.

You collected 4 gold pieces.

Inventory:

Hand Weapons
 a - a +0 long sword (weapon)
Missiles
 d - 3 throwing nets (quivered)
 e - a javelin
Armour
 b - a +0 leather armour (worn)
 c - a +0 helmet (worn)


   Skills:
 + Level 2.2 Fighting
 + Level 2.9 Long Blades
 + Level 2.0 Throwing
 + Level 2.8 Dodging


You had one spell level left.
You didn't know any spells.
Your spell library was empty.

Dungeon Overview and Level Annotations

Branches:
Dungeon (1/15)

Altars:


Innate Abilities, Weirdness & Mutations

A meltable shield of frost defends you. (SH +4)


Message History

You see here a bat corpse.
Found a stone staircase leading down.
No target in view!
A giant cockroach comes into view.
A bat comes into view. x2
The bat moves out of view.
There are monsters nearby!
The bat hits you but does no damage.
There are monsters nearby!
You hit the giant cockroach.
You kill the giant cockroach!
The bat barely misses you. x2
You barely miss the bat. The bat barely misses you.
The bat hits you but does no damage. The bat hits you.
The bat hits you but does no damage.
You barely miss the bat. The bat closely misses you.
The bat hits you but does no damage.
You slash the bat!
You kill the bat!
The bat hits you but does no damage.
You hit the bat.
You kill the bat!
No target in view!
No target in view!
You see here a giant cockroach corpse.
A rat comes into view.
A rat is nearby!
A rat is nearby!
A rat is nearby!
Found 4 stones.
The rat closely misses you.
A rat is nearby!
You closely miss the rat. The rat closely misses you.
A rat is nearby!
You hit the rat.
You kill the rat!
No target in view!
No target in view!
There is a staircase leading out of the dungeon here.
Are you sure you want to leave the Dungeon?
This will make you lose the game!
You have escaped!

# # #...P.♣♣♣..♣## #
#....P..P.....##.# ##
#...♣..P.....P...#.# .#
#..................#
#######.....♣..P.P...♣...#
.............P.....P^.♣..#
#........P...............#
............P...@...P.P..#
#.....................P♣.#
.............P.....P.♣...#
####+###.♣..P..P.P..P♣♣P.#
.###.# #.P.........♣.PP..#
#....###......P.....P♣...#
.....#.....♣....P....♣...#
.....#......♣...P...P..#.#
..†..#.###......#.....##.#


There were no monsters in sight!

Vanquished Creatures
  A ball python (D:1)
  2 giant cockroaches (D:1)
  A hobgoblin (D:1)
  A quokka (D:1)
  5 bats (D:1)
  A rat (D:1)
11 creatures vanquished.

Notes
Turn   | Place    | Note
-------+----------+-------------------------------------------
     0 | D:1      | BritishOli the Demonspawn Gladiator began the quest for the
                  | Orb.
     0 | D:1      | Reached XP level 1. HP: 16/16 MP: 1/1
    98 | D:1      | Gained mutation: A meltable shield of frost defends you.
                  | (SH +4) [demonic ancestry]
    98 | D:1      | Reached XP level 2. HP: 15/22 MP: 2/2
   264 | D:$      | Got out of the dungeon alive.

Illustrated notes

Levels and vault maps discovered:
D:1:      wander_arrival_fairy_ring, layout_basic, st_stairs_10,
          hangedman_abyss_or_decor_stabs, chequers_avenue, serial_bayou_pond_e,
          minmay_misc_feat_pillars

Skill      XL: |  1 |
---------------+----+-----
Throwing       | 2 |  2.0
Fighting       | |  2.2
Long Blades    | |  2.9
Dodging        | |  2.8

Action                   || total
-------------------------++-------
Melee: Long sword        ||    20
Armor: Leather armour    ||     8
Dodge: Dodged            ||    12

Table legend: (Time is in decaauts)
 A = Elapsed time spent in this place.
 B = Non-inter-level travel time spent in this place.
 C = Inter-level travel time spent in this place.
 D = Time resting spent in this place.
 E = Time spent auto-exploring this place.
 F = Levels seen in this place.
 G = Mean time per level.
                   A        B        C        D        E       F      G
               +--------+--------+--------+--------+--------+-----+--------+
         Total |    269 |    236 |     33 |      0 |    182 |   1 |  269.0 |
       Dungeon |    269 |    236 |     33 |      0 |    182 |   1 |  269.0 |
               +--------+--------+--------+--------+--------+-----+--------+

Top non-repeatable levels by time:
     D:1: 269 daAuts
